 Dungeon Crawl Stone Soup version 0.27-a0-92-g39ad13b146 (webtiles) character file.

Game seed: 3603923446845410604

488 kae the Insei (level 7, 0/44 HPs)
             Began as a Tengu Monk on Jan 15, 2021.
             Slain by an adder (5 damage)
             ... on level 4 of the Dungeon.
             The game lasted 00:01:41 (3623 turns).

kae the Insei (Tengu Monk)                          Turns: 3623, Time: 00:01:41

Health: 0/44       AC:  3    Str: 19    XL:     7   Next: 13%
Magic:  8/8        EV: 15    Int: 16    God:
Gold:   257        SH:  0    Dex: 17    Spells: 6/6 levels left

rFire    . . .     SeeInvis .     - Unarmed
rCold    . . .     Faith    .   (no shield)
rNeg     . . .     Spirit   .   a - +1 robe
rPois    .         Reflect  .   (helmet restricted)
rElec    .         Harm     .   (no cloak)
rCorr    .         Rampage  .   (no gloves)
Will     .....                  (boots unavailable)
Stlth    ++........             (no amulet)
HPRegen  0.14/turn              q - +6 ring of intelligence
MPRegen  0.11/turn              p - +6 ring of strength

@: hasted, very quick
A: beak, talons 3, able to fly
a: Fly


You were on level 4 of the Dungeon.
You visited 1 branch of the dungeon, and saw 4 of its levels.

You collected 257 gold pieces.

Inventory:

Armour
 a - a +1 robe (worn)
Jewellery
 o - an uncursed ring of positive energy
 p - a +6 ring of strength (right hand)
 q - a +6 ring of intelligence (left hand)
Wands
 c - a wand of enslavement (6)
 l - a wand of random effects (23)
Scrolls
 b - a scroll of teleportation
 d - a scroll of immolation
 e - 2 scrolls of enchant armour
 j - a scroll of amnesia {unknown}
Potions
 g - a potion of brilliance
 h - a potion of flight
 n - a potion of attraction


   Skills:
 + Level 4.4 Fighting
 + Level 3.2 Armour
 + Level 4.8 Dodging
 - Level 2.0 Stealth
 * Level 5.9 Unarmed Combat


You had 6 spell levels left.
You didn't know any spells.
Your spell library contained the following spells:

 Spells                   Type           Power        Failure   Level
 Beastly Appendage        Tmut           0%           26%         1
 Wereblood                Tmut           0%           36%         2
 Spider Form              Tmut/Pois      0%           58%         3
 Ice Form                 Ice/Tmut       0%           94%         4
 Blade Hands              Tmut           0%           100%        5


Dungeon Overview and Level Annotations

Branches:
Dungeon (4/15)
 Temple: D:4-7

Altars:
Ru


Innate Abilities, Weirdness & Mutations

You have a beak for a mouth.
You have claws for feet.
You can fly continuously.


Message History

You punch the worm!
The worm is almost dead.
The worm bites you!
* * * LOW HITPOINT WARNING * * *
You punch the worm!
You kill the worm!
You feel sick.
You are no longer poisoned.
You see here a worm corpse.
Press: ? - help, . - travel You can't see that place.
You enter the shallow water.
Moving in this stuff is going to be slow.
An adder comes into view.
The adder hisses angrily.
The adder misses you.
A worm comes into view.
The adder barely misses you. The adder misses you.
You feel yourself speed up. The adder bites you.
You die...

#......# ********#≈≈....##****
*≈≈≈≈≈≈≈#≈≈≈....,,,,*
**≈******#≈#...#****,*
****≈≈≈≈≈≈≈≈#≈≈≈..# *,*
,,,********≈#≈#≈..#####,****
,,,*≈**≈≈≈≈≈#≈≈≈≈......>,,,****
,,,*≈≈≈≈*≈*≈#≈#S..##.#,,*,,,,,*
,,,******≈*≈#≈#≈@.##*******,,,*
,,**∩≈≈≈≈≈*≈w≈#....# *,,,*
,,,***#########....# *,,,*
.,,,,,#.#..........####****,,,*
#..#####......#........,,,*,,,*
##.#..†.†...#...#######****,,,*
##.#.######...#.## *,,,* ##.#.*
#......### *,,,*
##.#.*#####..#.#...# *,,,*


You could see an adder.

Vanquished Creatures
  Sigmund (D:2)
  A howler monkey (D:4)
  An orc wizard (D:4)
  A worker ant (D:4)
  Natasha (thrice) (D:2)
  7 adders
  A river rat (D:4)
  An ooze (D:2)
  A worm (D:4)
  A dart slug (D:1)
  2 leopard geckos
  8 orcs
  2 giant cockroaches (D:3)
  8 hobgoblins
  14 jackals
  A quokka (D:2)
  2 ball pythons (D:3)
  3 bats
  7 frilled lizards
  5 goblins
  4 kobolds
  6 rats
80 creatures vanquished.

Notes
Turn   | Place    | Note
-------+----------+-------------------------------------------
     0 | D:1      | kae the Tengu Monk began the quest for the Orb.
     0 | D:1      | Reached XP level 1. HP: 14/14 MP: 2/2
    35 | D:1      | You fall into a shaft and drop 1 floor!
    74 | D:2      | Reached XP level 2. HP: 9/19 MP: 3/3
   764 | D:1      | Reached skill level 1 in Armour
   881 | D:1      | Reached XP level 3. HP: 23/23 MP: 4/4
  1186 | D:2      | Noticed Natasha
  1193 | D:2      | Killed Natasha
  1194 | D:2      | Reached skill level 4 in Unarmed Combat
  1194 | D:2      | Reached XP level 4. HP: 25/28 MP: 5/5
  1240 | D:2      | Noticed Sigmund
  1253 | D:2      | Killed Sigmund
  1254 | D:2      | Reached skill level 5 in Unarmed Combat
  1254 | D:2      | Gained mutation: You can fly continuously. [Tengu growth]
  1254 | D:2      | Reached XP level 5. HP: 29/33 MP: 6/6
  1326 | D:2      | Reached XP level 6. HP: 34/38 MP: 7/7
  1517 | D:2      | Noticed Natasha
  1524 | D:2      | Killed Natasha
  1803 | D:2      | Noticed Natasha
  1812 | D:2      | Killed Natasha
  2164 | D:3      | Found a sacrificial altar of Ru.
  3315 | D:4      | Reached XP level 7. HP: 19/43 MP: 8/8
  3623 | D:4      | Slain by an adder

Illustrated notes

Levels and vault maps discovered:
D:1:      tarquinn_simple_flora_water_b, layout_basic
D:2:      layout_loops_ring, uniq_sigmund, uniq_natasha
D:3:      layout_rooms, nicolae_ru_the_path_less_chosen, serial_forest,
          infiniplex_forest_clump_small, infiniplex_forest_straight_2,
          infiniplex_forest_clump_medium, infiniplex_forest_lined_3,
          infiniplex_forest_lined_4_way
D:4:      layout_basic, lightli_sewer_entry_pipes, serial_co_window_serial,
          co_window_corner_a, co_window_paths_a, co_window_of_opportunity_a,
          co_window_corner_a, co_window_paths_a, co_window_of_opportunity_a,
          co_window_of_opportunity_a, co_window_of_opportunity_c,
          co_window_broadway_c, co_window_paths_c, co_window_unsneaky_path_e,
          co_window_paths_c, co_window_paths_e, co_window_paths_d,
          glass_columns_a, glass_columns_a, glass_columns_a,
          gammafunk_ghost_grave

Skill      XL: |  1  2  3  4  5  6 |
---------------+-------------------+-----
Armour         | 1 2 3 |  3.2
Unarmed Combat | 4 5 |  5.9
Dodging        | 4 |  4.8
Fighting       | 4 |  4.4
Stealth        | |  2.0

Action                   |  1- 3 |  4- 6 |  7- 9 || total
-------------------------+-------+-------+-------++-------
Melee: Unarmed           |    55 |   112 |    28 ||   195
       Kick              |    16 |    30 |     8 ||    54
       Peck              |     3 |    15 |     6 ||    24
       Punch             |     2 |     1 |       ||     3
  Use: Scroll            |       |    10 |       ||    10
       Potion            |       |     4 |     1 ||     5
 Stab: Sleeping          |     2 |     6 |       ||     8
Armor: Robe              |    10 |     6 |     3 ||    19
       Skin              |       |     7 |     1 ||     8
Dodge: Dodged            |    34 |    54 |    27 ||   115

Table legend: (Time is in decaauts)
 A = Elapsed time spent in this place.
 B = Non-inter-level travel time spent in this place.
 C = Inter-level travel time spent in this place.
 D = Time resting spent in this place.
 E = Time spent auto-exploring this place.
 F = Levels seen in this place.
 G = Mean time per level.
                   A        B        C        D        E       F      G
               +--------+--------+--------+--------+--------+-----+--------+
         Total |   3606 |   3528 |     78 |     72 |   2977 |   4 |  901.5 |
       Dungeon |   3606 |   3528 |     78 |     72 |   2977 |   4 |  901.5 |
               +--------+--------+--------+--------+--------+-----+--------+

Top non-repeatable levels by time:
     D:3: 1045 daAuts
     D:2: 1035 daAuts
     D:1: 827 daAuts
     D:4: 697 daAuts
